PAAA
FLORIDA MEN @ BAKERSFIELD NOBLES
08/19/2022
 
TOP OF THE 1ST
Florida Men batting - Pitching for Bakersfield Nobles : RHP Fernando González
Pitching: RHP Fernando González
Batting: RHB Albert Morales 0-0: Ball
1-0: Ball
2-0: Foul Ball, location: 2F
2-1: Ground out 5-3 (Groundball, 56S)
Batting: LHB Bastyão Lizardo 0-0: Ball
1-0: Foul Ball, location: 2F
1-1: Ball
2-1: Foul Ball, location: 2F
2-2: Foul Ball, location: 2F
2-2: Foul Ball, location: 2F
2-2: Ground out 4-3 (Groundball, 4)
Batting: RHB Won-min Yi 0-0: Ball
1-0: Ground out 5-3 (Groundball, 56)
Top of the 1st over - 0 run(s), 0 hit(s), 0 error(s), 0 left on base; Florida 0 - Bakersfield 0
BOTTOM OF THE 1ST
Bakersfield Nobles batting - Pitching for Florida Men : RHP Jim Unknown
Pitching: RHP Jim Unknown
Batting: LHB Markus Richardson 0-0: Swinging Strike
0-1: Foul Ball, location: 2F
0-2: Ground out 5-3 (Groundball, 5L)
Batting: LHB Jake Shelton 0-0: Ball
1-0: Ball
2-0: Foul Ball, location: 2F
2-1: Fly out, F9 (Line Drive, 89D)
Batting: RHB Vincente Flores 0-0: Called Strike
0-1: Foul Ball, location: 2F
0-2: Foul Ball, location: 2F
0-2: Ball
1-2: Foul Ball, location: 2F
1-2: Foul Ball, location: 2F
1-2: Ball
2-2: Foul Ball, location: 2F
2-2: Ball
3-2: Base on Balls
Batting: LHB Mike Russell 0-0: Called Strike
0-1: SINGLE (Flyball, 8LS)
Vincente Flores to second
Runner from 2nd tries for 3rd, SAFE, throw made to third
Mike Russell to second
Batting: LHB Luis Velázquez 0-0: Ball
1-0: Ball
2-0: Called Strike
2-1: Foul Ball, location: 2F
2-2: Strikes out swinging
Bottom of the 1st over - 0 run(s), 1 hit(s), 0 error(s), 2 left on base; Florida 0 - Bakersfield 0
TOP OF THE 2ND
Florida Men batting - Pitching for Bakersfield Nobles : RHP Fernando González
Batting: RHB Carlos Rodríguez 0-0: Ball
1-0: Called Strike
1-1: Ground out 6-3 (Groundball, 6M)
Batting: SHB Jim Unknown 0-0: Ball
1-0: Ground out 3-1 (Groundball, 34)
Batting: RHB Frank Collins 0-0: Called Strike
0-1: Foul Ball, location: 2F
0-2: Foul Ball, location: 2F
0-2: Ball
1-2: Ball
2-2: Ball
3-2: Fly out, F9 (Flyball, 9S)
Top of the 2nd over - 0 run(s), 0 hit(s), 0 error(s), 0 left on base; Florida 0 - Bakersfield 0
BOTTOM OF THE 2ND
Bakersfield Nobles batting - Pitching for Florida Men : RHP Jim Unknown
Batting: LHB Ricardo Miranda 0-0: Foul Ball, location: 2F
0-1: Ground out U3 (Groundball, 3)
Batting: LHB Emery Miller 0-0: Ball
1-0: Foul Ball, location: 2F
1-1: Swinging Strike
1-2: Ball
2-2: DOUBLE (Groundball, 5L)
Batting: RHB Juan Alba 0-0: Fly out, F9 (Flyball, 89XD)
Runner from 2nd tags up, SAFE at 3rd, no throw
Batting: RHB Luis Jiménez 0-0: Ball
1-0: Ball
2-0: Foul Ball, location: 2F
2-1: Ground out 6-3 (Groundball, 56)
Bottom of the 2nd over - 0 run(s), 1 hit(s), 0 error(s), 1 left on base; Florida 0 - Bakersfield 0
TOP OF THE 3RD
Florida Men batting - Pitching for Bakersfield Nobles : RHP Fernando González
Batting: LHB Mito Rin 0-0: Called Strike
0-1: Ground out 3-1 (Groundball, 34)
Batting: SHB Jim Unknown 0-0: Called Strike
0-1: SINGLE (Line Drive, 9S)
Batting: RHB Seon-keun Kim 0-0: Grounds into double play, 6-4-3 (Groundball, 6M)
Top of the 3rd over - 0 run(s), 1 hit(s), 0 error(s), 0 left on base; Florida 0 - Bakersfield 0
BOTTOM OF THE 3RD
Bakersfield Nobles batting - Pitching for Florida Men : RHP Jim Unknown
Batting: LHB Markus Richardson 0-0: Ball
1-0: Foul Ball, location: 2F
1-1: Ball
2-1: Ground out 5-3 (Groundball, 56S)
Batting: LHB Jake Shelton 0-0: Foul Ball, location: 2F
0-1: Foul Ball, location: 2F
0-2: Hit by Pitch
Batting: RHB Vincente Flores 0-0: SINGLE (Line Drive, 6MD)
Jake Shelton to second
Batting: LHB Mike Russell 0-0: Called Strike
0-1: Ball
1-1: Called Strike
1-2: Ball
2-2: Grounds into double play, 6-4-3 (Groundball, 6)
Bottom of the 3rd over - 0 run(s), 1 hit(s), 0 error(s), 1 left on base; Florida 0 - Bakersfield 0
TOP OF THE 4TH
Florida Men batting - Pitching for Bakersfield Nobles : RHP Fernando González
Batting: RHB Albert Morales 0-0: Called Strike
0-1: Ball
1-1: Fly out, F7 (Flyball, 78D)
Batting: LHB Bastyão Lizardo 0-0: Called Strike
0-1: Ball
1-1: Fly out, F8 (Flyball, 8LM)
Batting: RHB Won-min Yi 0-0: Ball
1-0: Ball
2-0: Foul Ball, location: 2F
2-1: Foul Ball, location: 2F
2-2: Foul Ball, location: 2F
2-2: Foul Ball, location: 2F
2-2: Foul Ball, location: 2F
2-2: SOLO HOME RUN (Line Drive, 7LD), Distance : 361 ft
Batting: RHB Carlos Rodríguez 0-0: Ball
1-0: Called Strike
1-1: Fly out, F3 (Popup, 23)
Top of the 4th over - 1 run(s), 1 hit(s), 0 error(s), 0 left on base; Florida 1 - Bakersfield 0
BOTTOM OF THE 4TH
Bakersfield Nobles batting - Pitching for Florida Men : RHP Jim Unknown
Batting: LHB Luis Velázquez 0-0: Ball
1-0: Called Strike
1-1: Ground out 4-3 (Groundball, 34)
Batting: LHB Ricardo Miranda 0-0: Ball
1-0: Called Strike
1-1: Ground out 1-3 (Groundball, 13)
Batting: LHB Emery Miller 0-0: Foul Ball, location: 2F
0-1: Ball
1-1: Fly out, F7 (Flyball, 7D)
Bottom of the 4th over - 0 run(s), 0 hit(s), 0 error(s), 0 left on base; Florida 1 - Bakersfield 0
TOP OF THE 5TH
Florida Men batting - Pitching for Bakersfield Nobles : RHP Fernando González
Batting: SHB Jim Unknown 0-0: Called Strike
0-1: Ball
1-1: Called Strike
1-2: Ball
2-2: Strikes out looking
Batting: RHB Frank Collins 0-0: Foul Ball, location: 2F
0-1: Ball
1-1: Ball
2-1: Foul Ball, location: 2F
2-2: Strikes out swinging
Batting: LHB Mito Rin 0-0: Ball
1-0: Ball
2-0: Fly out, F9 (Flyball, 89D)
Top of the 5th over - 0 run(s), 0 hit(s), 0 error(s), 0 left on base; Florida 1 - Bakersfield 0
BOTTOM OF THE 5TH
Bakersfield Nobles batting - Pitching for Florida Men : RHP Jim Unknown
Batting: RHB Juan Alba 0-0: Ball
1-0: Called Strike
1-1: SINGLE (Flyball, 4MD)
Batting: RHB Luis Jiménez 0-0: Sac Bunt - play at first, batter OUT! 5-3
Juan Alba to second
Batting: LHB Markus Richardson 0-0: Called Strike
0-1: Ball
1-1: Foul Ball, location: 2F
1-2: Ball
Wild Pitch!
Juan Alba to third
2-2: SINGLE (Flyball, 6MD)
Juan Alba scores
Batting: LHB Jake Shelton 0-0: Swinging Strike
0-1: Ball
1-1: Ground out U3 (Groundball, 3S)
Markus Richardson to second
Batting: RHB Vincente Flores 0-0: Ball
1-0: Foul Ball, location: 2F
1-1: Swinging Strike
1-2: Strikes out swinging
Bottom of the 5th over - 1 run(s), 2 hit(s), 0 error(s), 1 left on base; Florida 1 - Bakersfield 1
TOP OF THE 6TH
Florida Men batting - Pitching for Bakersfield Nobles : RHP Fernando González
Batting: SHB Jim Unknown 0-0: Called Strike
0-1: Swinging Strike
0-2: Foul Ball, location: 2F
0-2: Foul Ball, location: 2F
0-2: Foul Ball, location: 2F
0-2: Foul Ball, location: 2F
0-2: Ball
1-2: Foul Ball, location: 2F
1-2: Ball
2-2: Ball
3-2: Strikes out swinging
Batting: RHB Seon-keun Kim 0-0: Ball
1-0: Swinging Strike
1-1: Ball
2-1: Fly out, F7 (Flyball, 7M)
Batting: RHB Albert Morales 0-0: Called Strike
0-1: Foul Ball, location: 2F
0-2: Ball
1-2: Fly out, F8 (Flyball, 8LM)
Top of the 6th over - 0 run(s), 0 hit(s), 0 error(s), 0 left on base; Florida 1 - Bakersfield 1
BOTTOM OF THE 6TH
Bakersfield Nobles batting - Pitching for Florida Men : RHP Jim Unknown
Batting: LHB Mike Russell 0-0: Swinging Strike
0-1: Ball
1-1: Foul Ball, location: 2F
1-2: Ball
2-2: SINGLE (Groundball, 4M)
Batting: LHB Luis Velázquez 0-0: Ball
Mike Russell steals 2nd base
1-0: DOUBLE (Flyball, 8LXD)
Mike Russell scores
Batting: LHB Ricardo Miranda 0-0: Ball
1-0: Ground out 4-3 (Groundball, 34)
Luis Velázquez to third
Batting: LHB Emery Miller 0-0: Ball
1-0: Foul Ball, location: 2F
1-1: Called Strike
1-2: Ball
2-2: Ball
3-2: Base on Balls
Batting: RHB Juan Alba 0-0: Ball
1-0: Foul Ball, location: 2F
1-1: Ball
2-1: Swinging Strike
2-2: SINGLE (Line Drive, 56D)
Luis Velázquez scores
Emery Miller to second
Batting: RHB Luis Jiménez 0-0: Foul Ball, location: 2F
0-1: Grounds into double play, 5-4-3 (Groundball, 56)
Bottom of the 6th over - 2 run(s), 3 hit(s), 0 error(s), 1 left on base; Florida 1 - Bakersfield 3
TOP OF THE 7TH
Florida Men batting - Pitching for Bakersfield Nobles : RHP Fernando González
Batting: LHB Bastyão Lizardo 0-0: Called Strike
0-1: Called Strike
0-2: Ball
1-2: Ball
2-2: Foul Ball, location: 2F
2-2: Fly out, F6 (Popup, 6D)
Batting: RHB Won-min Yi 0-0: Foul Ball, location: 2F
0-1: Called Strike
0-2: Ball
1-2: Foul Ball, location: 2F
1-2: Strikes out swinging
Batting: RHB Carlos Rodríguez 0-0: Ball
1-0: Ball
2-0: Fly out, F6 (Line Drive, 56)
Top of the 7th over - 0 run(s), 0 hit(s), 0 error(s), 0 left on base; Florida 1 - Bakersfield 3
BOTTOM OF THE 7TH
Bakersfield Nobles batting - Pitching for Florida Men : RHP Jim Unknown
Batting: LHB Markus Richardson 0-0: Ball
1-0: Ball
2-0: Foul Ball, location: 2F
2-1: Ball
3-1: SINGLE (Groundball, 34D)
Batting: LHB Jake Shelton 0-0: Sac Bunt - play at first, batter OUT! 1-3
Markus Richardson to second
Batting: RHB Vincente Flores 0-0: Called Strike
0-1: Swinging Strike
0-2: Foul Ball, location: 2F
0-2: Ball
1-2: Ball
2-2: Fly out, F8 (Flyball, 89M)
Batting: LHB Mike Russell 0-0: Ground out 6-3 (Groundball, 6)
Bottom of the 7th over - 0 run(s), 1 hit(s), 0 error(s), 1 left on base; Florida 1 - Bakersfield 3
TOP OF THE 8TH
Florida Men batting - Pitching for Bakersfield Nobles : RHP Fernando González
Batting: SHB Jim Unknown 0-0: Ball
1-0: Called Strike
1-1: SINGLE (Line Drive, 56D)
Batting: RHB Frank Collins 0-0: Swinging Strike
0-1: Foul Ball, location: 2F
0-2: Ball
1-2: Foul Ball, location: 2F
1-2: Foul Ball, location: 2F
1-2: Fly out, F9 (Flyball, 9M)
Batting: LHB Mito Rin 0-0: Ball
1-0: SINGLE (Groundball, 56)
Jim Unknown to second
Batting: SHB Jim Unknown 0-0: Called Strike
0-1: Ball
1-1: Called Strike
1-2: Fly out, F8 (Flyball, 8LXD)
Runner from 2nd tags up, SAFE at 3rd, no throw
Now in CF: Ron Gérard
Batting: RHB Seon-keun Kim 0-0: Ball
1-0: Called Strike
1-1: Foul Ball, location: 2F
1-2: Ball
2-2: Strikes out swinging
Top of the 8th over - 0 run(s), 2 hit(s), 0 error(s), 2 left on base; Florida 1 - Bakersfield 3
BOTTOM OF THE 8TH
Bakersfield Nobles batting - Pitching for Florida Men : RHP Jim Unknown
Batting: LHB Luis Velázquez 0-0: Called Strike
0-1: Ball
1-1: Ball
2-1: Ball
3-1: Base on Balls
Batting: LHB Ricardo Miranda 0-0: Sac Bunt - play at first, batter OUT! 1-3
Luis Velázquez to second
Batting: LHB Emery Miller 0-0: Intentional Walk
Pitching: RHP Jim Unknown
Pinch Hitting: RHB Manuel Villarreal 0-0: Ball
1-0: Called Strike
1-1: Swinging Strike
1-2: Foul Ball, location: 2F
1-2: Ball
2-2: Ball
3-2: Grounds into double play, 6-4-3 (Groundball, 6)
Bottom of the 8th over - 0 run(s), 0 hit(s), 0 error(s), 1 left on base; Florida 1 - Bakersfield 3
TOP OF THE 9TH
Florida Men batting - Pitching for Bakersfield Nobles : RHP Fernando González
Pitching: LHP James Scott
Now at 3B: Jim Unknown
Batting: RHB Albert Morales 0-0: Foul Ball, location: 2F
0-1: Ball
1-1: Foul Ball, location: 2F
1-2: Ball
2-2: Foul Ball, location: 2F
2-2: Strikes out swinging
Batting: LHB Bastyão Lizardo 0-0: Ball
1-0: Called Strike
1-1: Foul Ball, location: 2F
1-2: Ball
2-2: Ball
3-2: Foul Ball, location: 2F
3-2: Strikes out swinging
Batting: RHB Won-min Yi 0-0: Foul Ball, location: 2F
0-1: Swinging Strike
0-2: Ball
1-2: Foul Ball, location: 2F
1-2: Ball
2-2: Ground out 5-3 (Groundball, 5S)
Top of the 9th over - 0 run(s), 0 hit(s), 0 error(s), 0 left on base; Florida 1 - Bakersfield 3
This league is powered by Out of the Park Baseball, the baseball management simulation game for PC, Mac and Linux
Friday, April 15th, 2016 - OOTP Baseball 16.9 Build 39